 Dungeon Crawl Stone Soup version 0.19-a0-1932-g59670f6 (webtiles) character file.

592 JeffiDaFish the Chopper (level 7, -3/60 HPs)
             Began as a Hill Orc Fighter on Oct 25, 2016.
             Slain by an orc warrior
             ... wielding a +0 long sword
              (8 damage)
             ... on level 5 of the Dungeon.
             The game lasted 00:08:06 (3377 turns).

JeffiDaFish the Chopper (Hill Orc Fighter)          Turns: 3377, Time: 00:08:06

Health: -3/60      AC:  9    Str: 18 (21) XL:     7   Next: 39%
Magic:  7/7        EV:  5    Int:  7 (8)  God:
Gold:   247        SH: 10    Dex: 10      Spells: 0 memorised, 6 levels left

rFire  + . .     SeeInvis .     a - +1 war axe
rCold  x . .     Gourm    .     l - +0 chain mail
rNeg   . . .     Faith    .     c - +1 shield
rPois  +         Spirit   .     (no helmet)
rElec  .         Reflect  .     (no cloak)
rCorr  .         Harm     .     (no gloves)
MR     .....                    (no boots)
Stlth  ..........               e - amulet of regeneration
                                (no ring)
                                b - ring of fire

@: no status effects
A: fangs 1, blurry vision 1, poison resistance
a: no special abilities


You were on level 5 of the Dungeon.
You were not hungry.

You visited 1 branch of the dungeon, and saw 5 of its levels.

You collected 247 gold pieces.

Inventory:

Hand Weapons
 a - a +1 war axe (weapon)
Armour
 c - a +1 shield (worn)
 l - a +0 chain mail (worn)
Jewellery
 b - a ring of fire (left hand)
 e - an amulet of regeneration (around neck)
Scrolls
 h - a scroll of remove curse
 k - a scroll of recharging
 m - 2 scrolls of teleportation
 q - a scroll of identify
Potions
 d - a potion of might
 i - 2 potions of haste
 o - a potion of heal wounds
Comestibles
 f - 5 bread rations
 j - 2 beef jerkies
 p - a meat ration


   Skills:
 + Level 4.7 Fighting
 + Level 7.5 Axes
 + Level 4.7 Armour
 + Level 1.0 Dodging
 + Level 0.5 Stealth
 + Level 4.8 Shields


You had 6 spell levels left.
You didn't know any spells.

Dungeon Overview and Level Annotations

Branches:
Dungeon (5/15)
 Temple: D:4-7

Altars:
Elyvilon
Gozag
Xom


Innate Abilities, Weirdness & Mutations

You have very sharp teeth.
Scrolls take you a little longer to read.
Your system is resistant to poisons. (rPois)


Message History

You feel a bit more experienced. You block the orc warrior's attack.
You see here 2 tomahawks.
You slash the orc warrior!
You bite the orc warrior, but do no damage.
The orc warrior is moderately wounded.
The orc warrior hits you with a long sword!
You barely miss the orc warrior.
The orc warrior is moderately wounded.
The orc warrior barely misses you.
You slash the orc warrior!
The orc warrior is almost dead.
The orc warrior hits you with a long sword!
* * * LOW HITPOINT WARNING * * *
You closely miss the orc warrior.
The orc warrior is almost dead.
The orc wizard mumbles some strange words.
The orc wizard blinks!
The orc warrior hits you with a long sword!
You die...

....#.# #<..#.#
#...#.# #... .###
#... ...
..##o####.#
########.#.......#
#......#(#.o######
#.####.#@#..#
#########.#
#.#o#..#
..........#
#.#§o(.#
###########
#.....## #######


You could see an orc warrior and an orc.

Vanquished Creatures
  An ice beast (D:5)
  A phantom (D:4)
  2 hounds
  An orc wizard (D:4)
  Crazy Yiuf (D:3)
  An iguana (D:4)
  10 adders
  A shadow imp (D:3)
  An ooze (D:1)
  A worm (D:3)
  5 dart slugs
  3 leopard geckos (D:3)
  6 orcs
  4 giant cockroaches
  5 goblins
  10 hobgoblins
  7 kobolds
  2 quokkas (D:3)
  6 ball pythons
  8 bats
  6 frilled lizards
  A quokka skeleton (D:4)
  9 rats
92 creatures vanquished.

Vanquished Creatures (others)
  A sky beast (D:5)
1 creature vanquished.

Grand Total: 93 creatures vanquished

Notes
Turn   | Place    | Note
-------+----------+-------------------------------------------
     0 | D:1      | JeffiDaFish the Hill Orc Fighter began the quest for the Orb.
     0 | D:1      | Reached XP level 1. HP: 19/19 MP: 1/1
     8 | D:1      | Noticed a yaktaur captain
     8 | D:1      | Noticed a soldier ant
     8 | D:1      | Noticed an iguana
    77 | D:1      | Reached XP level 2. HP: 27/27 MP: 2/2
   101 | D:1      | Reached skill level 3 in Axes
   416 | D:1      | Reached XP level 3. HP: 33/33 MP: 3/3
   745 | D:2      | Found a shimmering altar of Xom.
   865 | D:2      | Reached skill level 4 in Axes
   908 | D:2      | Reached XP level 4. HP: 40/40 MP: 4/4
  1765 | D:3      | Reached XP level 5. HP: 46/46 MP: 5/5
  1775 | D:3      | Found a faded altar of an unknown god.
  1923 | D:3      | Found a white marble altar of Elyvilon.
  2124 | D:3      | Found a runed door.
  2128 | D:3      | Noticed Crazy Yiuf
  2140 | D:3      | Killed Crazy Yiuf
  2140 | D:3      | Reached skill level 5 in Axes
  2140 | D:3      | Reached skill level 1 in Dodging
  2545 | D:4      | Noticed a phantom
  2581 | D:4      | Killed a phantom
  2581 | D:4      | Reached skill level 6 in Axes
  2581 | D:4      | Reached XP level 6. HP: 49/53 MP: 6/6
  2622 | D:4      | Found an opulent altar of Gozag.
  2767 | D:4      | Gained mutation: You have very sharp teeth. [potion of mutation]
  2767 | D:4      | Gained mutation: Scrolls take you a little longer to read. [potion of mutation]
  2767 | D:4      | Gained mutation: Your system is resistant to poisons. (rPois) [potion of mutation]
  3146 | D:5      | Entered Level 5 of the Dungeon
  3243 | D:5      | Noticed an ice beast
  3262 | D:5      | Killed an ice beast
  3262 | D:5      | Reached skill level 7 in Axes
  3262 | D:5      | Reached XP level 7. HP: 17/60 MP: 7/7
  3377 | D:5      | Slain by an orc warrior

Vault maps used:
D:1:      onia_arrival_zoo_common
D:2:      xom_teletrap_fun, kennysheep_generic_room_14
D:3:      lemuel_crystal_altar, ecumenical_altar_2, serial_corexii_hall,
          corexii_hall_statues_l, corexii_hall_statues_i, st_stairs_5,
          minmay_misc_feat_columns, minmay_mini_jars, uniq_crazy_yiuf_cottage
D:4:      nicolae_gozag_seed_capital, first_bread
D:5:      minmay_misc_feat_cross, kennysheep_generic_room_8, uniq_sigmund

Skill      XL: |  1  2  3  4  5  6 |
---------------+-------------------+-----
Axes           | 3 4 6 7 |  7.5
Fighting       | 4 |  4.7
Dodging        | 1 |  1.0
Shields        | 4 |  4.8
Armour         | 4 |  4.7
Stealth        | |  0.5

Action                   |  1- 3 |  4- 6 |  7- 9 || total
-------------------------+-------+-------+-------++-------
Melee: War axe           |    83 |   242 |    16 ||   341
       Bite              |       |     7 |     2 ||     9
  Use: Potion            |     2 |     6 |       ||     8
       Scroll            |     3 |     7 |       ||    10
  Eat: Chunk             |       |     8 |     1 ||     9
Armor: Scale mail        |    37 |    19 |       ||    56
       Chain mail        |       |    87 |     7 ||    94
Dodge: Dodged            |    31 |    52 |     2 ||    85
Block: Shield            |    40 |   134 |     7 ||   181
